 Dungeon Crawl Stone Soup version 0.29.1-15-g9cfb28693d (webtiles) character file.

Game seed: 2492047433444450020

23337 BuddhaDhamma the Executioner (level 12, -28/90 HPs)
             Began as a Minotaur Berserker on Mar 24, 2023.
             Was a High Priest of Trog.
             Annihilated by a boulder beetle (43 damage)
             ... on level 12 of the Dungeon.
             The game lasted 00:26:24 (13985 turns).

BuddhaDhamma the Executioner (Minotaur Berserker)  Turns: 13985, Time: 00:26:24

Health: -28/90     AC: 26    Str: 38    XL:     12   Next: 70%
Magic:  0/11       EV:  9    Int:  0    God:    Trog [*****.]
Gold:   930        SH:  0    Dex: 17    Spells: 11/11 levels left

rFire   + + .      SeeInvis +   N - +3 executioner's axe (vorpal)
rCold   . . .      Faith    .   (shield currently unavailable)
rNeg    . . .      Spirit   +   B - +12 plate armour of the Nightingale {rPois Int-4 Dex+7 SInv}
rPois   +          Reflect  .   (helmet restricted)
rElec   .          Harm     .   Q - +0 cloak
rCorr   .          Rampage  .   (no gloves)
Will    +....                   K - +1 pair of boots {Fly}
Stlth   ..........              J - amulet of guardian spirit
HPRegen 0.25/turn               r - +6 ring of strength
MPRegen 0.12/turn               v - ring "Norchuve" {*Slow rF++ Will+ Str+5}

@: flying, slowed, lost intelligence, studying Dodging, unable to read, very
slow
A: horns 2, retaliatory headbutt
a: Renounce Religion, Berserk, Trog's Hand, Brothers in Arms


You were on level 12 of the Dungeon.
You worshipped Trog.
Trog was extremely pleased with you.
You visited 1 branch of the dungeon, and saw 12 of its levels.
You also visited: Sewer and Ossuary.

You collected 930 gold pieces.

Inventory:

Hand Weapons
 N - a +3 vorpal executioner's axe (weapon)
Missiles
 x - 10 boomerangs (quivered)
Armour
 y - a +1 chain mail of fire resistance
 B - the +12 plate armour of the Nightingale (worn) {rPois Int-4 Dex+7 SInv}
   (You found it on level 7 of the Dungeon)

   Int:       It affects your intelligence (-4).
   Dex:       It affects your dexterity (+7).
   rPois:     It protects you from poison.
   SInv:      It lets you see invisible.
 K - a +1 pair of boots of flying (worn)
 Q - a +0 cloak (worn)
Jewellery
 a - a ring of protection from cold
 e - a ring of poison resistance
 r - a +6 ring of strength (left hand)
 v - the ring "Norchuve" (right hand) {*Slow rF++ Will+ Str+5}
   (You found it on level 6 of the Dungeon)

   [ring of willpower]

   Str:       It affects your strength (+5).
   rF:        It greatly protects you from fire.
   *Slow:     It may slow you when you take damage.
   Will:      It increases your willpower.
 F - the ring of Damn {Fire Drain rElec rPois Slay+6}
   (You took it off a meliai on level 9 of the Dungeon)

   [ring of fire]

   It enhances your fire magic.
   Slay:      It affects your accuracy & damage with ranged weapons and melee
   (+6).
   rF:        It protects you from fire.
   rC:        It makes you vulnerable to cold.
   rElec:     It insulates you from electricity.
   rPois:     It protects you from poison.
   Drain:     It drains your maximum health when unequipped.
 H - a +6 ring of strength
 J - an amulet of guardian spirit (around neck)
 L - a +6 ring of strength
 M - an amulet of faith
Wands
 l - a wand of quicksilver (5)
 t - a wand of paralysis (14)
 w - a wand of roots (16)
 C - a wand of mindburst (31)
Scrolls
 d - 8 scrolls of teleportation
 g - 4 scrolls of identify
 i - 2 scrolls of immolation
 j - 5 scrolls of fear
 m - 3 scrolls of poison
 n - a scroll of blinking
 s - 2 scrolls of magic mapping
 I - 3 scrolls of butterflies
Potions
 b - 3 potions of heal wounds
 c - 4 potions of flight
 f - 11 potions of curing
 h - 2 potions of resistance
 k - 4 potions of brilliance
 o - 2 potions of haste
 p - 3 potions of degeneration
 q - 4 potions of attraction
 u - a potion of magic
 z - a potion of berserk rage
 A - 2 potions of lignification
 D - a potion of cancellation
 G - 2 potions of might
Miscellaneous
 O - a phantom mirror


   Skills:
 - Level 3.6 Fighting
 + Level 24.4 Axes
 - Level 2.4 Armour
 - Level 2.1 Dodging


You had 11 spell levels left.
You didn't know any spells.
Your spell library was empty.

Dungeon Overview and Level Annotations

Branches:
Dungeon (12/15)            Temple (0/1) D:7            Lair (0/5) D:8
    Orc (0/2) D:10          Sewer (visited)         Ossuary (visited)

Altars:
Dithmenos
Fedhas
Gozag
Hepliaklqana
Kikubaaqudgha
Makhleb
Nemelex Xobeh
Qazlal
Uskayaw
Wu Jian
The Shining One

Shops:
D:1 :   D:11 *

Annotations:
D:10 exclusion: oklob plant


Innate Abilities, Weirdness & Mutations

You have a pair of horns on your head.
You reflexively headbutt those who attack you in melee.


Message History

You feel sick.
You closely miss the kobold.
You feel sick. The kobold hits you but does no damage.
You closely miss the kobold.
You feel sick. The kobold hits you but does no damage.
You closely miss the kobold.
You feel sick.
You are no longer poisoned.
The kobold hits you with a +0 dagger.
You cut the kobold into ribbons!!!
You kill the kobold!
Trog accepts your kill.
Found a leather armour.
Items here: )) [ †.
The boulder beetle leaps!
No target in view!
No target in view!
No target in view!
The boulder beetle curls into a ball and begins rolling!
A boulder beetle is nearby!
The boulder beetle hits you!!!
Ouch! That really hurt!
The boulder beetle stops rolling and uncurls.
You are too injured to fight recklessly!
You are too injured to fight recklessly!
You are too injured to fight recklessly!
You slice the boulder beetle!!
You headbutt the boulder beetle, but do no damage.
The boulder beetle is moderately wounded.
The boulder beetle bites you but does no damage.
You open the boulder beetle like a pillowcase!!!
The boulder beetle is almost dead.
The boulder beetle bites you!!
* * * LOW HITPOINT WARNING * * *
You slash the boulder beetle!
Your headbutt misses the boulder beetle.
The boulder beetle is almost dead.
The boulder beetle leaps!
The boulder beetle curls into a ball and begins rolling!
The boulder beetle hits you!!!
You die...

.............>..........
........................
.................)......
................))......
........................
........................
........................
................°.......
................@.......
................B.......
.............[..○.......
........................
........................
####.#.####.##.#.###....
.#.# #. #.... .... .# .
. ..#.. .##


You could see a boulder beetle (rolling).

Vanquished Creatures
  2 boulder beetles
  Erica (D:8)
  5 two-headed ogres
  A centaur warrior (D:9)
  Amaemon (D:8)
  Pikel (D:3)
  A deep elf pyromancer (D:12)
  3 cyclopes
  Maurice (D:9)
  Maggie (D:8)
  An orange demon (D:8)
  3 kobold demonologists
  3 unseen horrors
  A meliai (D:9)
  6 trolls
  Sigmund (D:4)
  A wraith (D:11)
  Eustachio (D:4)
  A wyvern (D:9)
  20 yaks
  2 vampires (D:12)
  A water elemental (D:11)
  3 steam dragons (D:7)
  8 vampire mosquitoes
  Edmund (D:4)
  Menkaure (D:5)
  An acid dragon (D:11)
  5 water moccasins
  2 orc warriors
  3 black bears
  The ghost of NBAGuy the Chopper, an amateur MiCK of Xom (D:4)
  2 sky beasts
  An ogre (D:5)
  The ghost of turnipcat1 the Charlatan, an amateur DrAr (D:3)
  7 centaurs
  A lemure (D:3)
  2 phantoms
  3 kobold brigands
  An elf zombie (Ossuary)
  4 bullfrogs
  3 necrophages
  3 gnoll sergeants
  4 scorpions
  4 wights (D:7)
  9 killer bees
  10 howler monkeys
  4 electric eels (D:11)
  7 hounds
  6 jellies
  A centaur zombie (Ossuary)
  2 gnoll boudas
  6 orc priests
  Terence (D:3)
  An iguana (D:6)
  13 orc wizards
  3 mummies
  12 gnolls
  11 adders
  A river rat (Sewer)
  A shadow imp (D:6)
  2 white imps
  2 ufetubi (D:6)
  An adder zombie (Ossuary)
  4 worms
  3 dart slugs
  42 orcs
  11 ball pythons
  9 endoplasms
  3 giant cockroaches
  10 goblins
  11 hobgoblins
  9 jackals
  20 kobolds
  7 quokkas
  8 bats
  2 frilled lizards
  4 goblin zombies
  13 hobgoblin zombies
  2 jackal zombies (Ossuary)
  5 kobold zombies (Ossuary)
  10 orc zombies (Ossuary)
  12 rats
  A rat zombie (Ossuary)
398 creatures vanquished.

Notes
Turn   | Place    | Note
-------+----------+-------------------------------------------
     0 | D:1      | BuddhaDhamma the Minotaur Berserker began the quest for the
                  | Orb.
     0 | D:1      | Reached XP level 1. HP: 19/19 MP: 0/0
    51 | D:1      | Reached skill level 4 in Axes
   245 | D:1      | Reached XP level 2. HP: 18/26 MP: 1/1
   402 | D:1      | Found Nosomar's Vocational Training.
  1041 | D:1      | Found a faded altar of an unknown god.
  1375 | D:1      | Reached skill level 5 in Axes
  1498 | D:2      | Reached XP level 3. HP: 31/31 MP: 2/2
  1562 | D:2      | Reached ** piety under Trog
  2498 | D:3      | Found a glowing golden altar of the Shining One.
  2518 | D:3      | Reached skill level 6 in Axes
  2518 | D:3      | Reached XP level 4. HP: 38/39 MP: 3/3
  2663 | D:3      | Noticed a black bear
  2670 | D:3      | Killed a black bear
  2671 | D:3      | Reached skill level 7 in Axes
  2671 | D:3      | Reached XP level 5. HP: 45/45 MP: 4/4
  2677 | D:3      | Found a hazy altar of Hepliaklqana.
  2784 | D:3      | Found a glowing drain.
  2807 | Sewer    | Entered a sewer
  2976 | Sewer    | Reached *** piety under Trog
  2985 | Sewer    | Reached skill level 8 in Axes
  2985 | Sewer    | Reached XP level 6. HP: 51/51 MP: 5/5
  3001 | Sewer    | Found a white marble altar of Elyvilon.
  3066 | D:3      | Noticed Terence
  3071 | D:3      | Killed Terence
  3462 | D:3      | Reached skill level 9 in Axes
  3677 | D:3      | Found a runed translucent door.
  3678 | D:3      | Noticed turnipcat1's ghost (amateur DrAr)
  3684 | D:3      | Killed turnipcat1's ghost
  3809 | D:4      | Noticed Pikel
  3812 | D:4      | Noticed Eustachio
  3853 | D:3      | Killed Pikel
  3854 | D:3      | Reached skill level 11 in Axes
  3854 | D:3      | Reached XP level 7. HP: 20/57 MP: 6/6
  3854 | D:3      | Reached XP level 8. HP: 23/64 MP: 7/7
  4090 | D:4      | Killed Eustachio
  4091 | D:4      | Reached skill level 12 in Axes
  4230 | D:4      | Found a sparkling altar of Nemelex Xobeh.
  4232 | D:4      | Found an ancient bone altar of Kikubaaqudgha.
  4383 | D:4      | Noticed Sigmund
  4394 | D:4      | Killed Sigmund
  4395 | D:4      | Reached skill level 13 in Axes
  4475 | D:4      | Identified the +9 sling of Ymuod {flame, rF+}
  4555 | D:4      | Found a runed translucent gate.
  4576 | D:4      | Found a runed translucent gate.
  4576 | D:4      | Found a runed translucent gate.
  4576 | D:4      | Found an opulent altar of Gozag.
  4577 | D:4      | Noticed NBAGuy's ghost (amateur MiCK)
  4918 | D:4      | Noticed Edmund
  4930 | D:4      | Killed Edmund
  5045 | D:4      | Reached **** piety under Trog
  5061 | D:4      | Reached skill level 14 in Axes
  5181 | D:4      | Found a stormy altar of Qazlal.
  5184 | D:4      | Noticed an air elemental
  5526 | D:4      | Reached XP level 9. HP: 70/70 MP: 8/8
  5529 | D:4      | Killed NBAGuy's ghost
  5744 | D:5      | Entered Level 5 of the Dungeon
  5744 | D:5      | Found a shadowy altar of Dithmenos.
  5881 | D:5      | Noticed Menkaure
  5887 | D:5      | Killed Menkaure
  6097 | D:5      | Reached skill level 15 in Axes
  6926 | D:6      | Identified the ring "Norchuve" {*Slow rF++ Will+ Str+5}
  6948 | D:6      | Reached skill level 16 in Axes
  7541 | D:6      | Found a burning altar of Makhleb.
  7730 | D:7      | Reached ***** piety under Trog
  7849 | D:7      | Reached skill level 17 in Axes
  7849 | D:7      | Reached XP level 10. HP: 70/77 MP: 9/9
  8238 | D:7      | Found a hide-covered altar of Uskayaw.
  8256 | D:7      | Identified the +12 plate armour of the Nightingale {rPois
                  | Int-4 Dex+7 SInv}
  8268 | D:7      | Lost intelligence.
  8388 | D:7      | Found a staircase to the Ecumenical Temple.
  8576 | D:7      | Lost intelligence.
  8749 | D:8      | Noticed Erica
  8760 | D:8      | Killed Erica
  8761 | D:8      | Reached skill level 18 in Axes
  8803 | D:8      | Noticed Maggie
  8814 | D:8      | Killed Maggie
  8949 | D:8      | Found a sand-covered staircase.
  8955 | Ossuary  | Entered an ossuary
  8964 | Ossuary  | Received a gift from Trog
  9346 | D:8      | Found a staircase to the Lair.
  9347 | D:8      | Noticed an orange demon
  9348 | D:8      | Noticed Amaemon
  9360 | D:8      | Killed Amaemon
  9364 | D:8      | Killed an orange demon
  9365 | D:8      | Reached skill level 19 in Axes
  9771 | D:8      | Identified 2 scrolls of acquirement
  9771 | D:8      | Acquired a +1 pair of boots of flying
  9773 | D:8      | Acquired a manual of Dodging
  9785 | D:8      | Lost intelligence.
  9825 | D:9      | Noticed a boulder beetle
  9841 | D:9      | Killed a boulder beetle
 10002 | D:9      | Reached XP level 11. HP: 82/82 MP: 10/10
 10007 | D:9      | Noticed a centaur warrior
 10008 | D:9      | Identified the ring of Damn {Fire Drain rElec rPois Slay+6}
 10018 | D:9      | Killed a centaur warrior
 10022 | D:9      | Reached skill level 20 in Axes
 10251 | D:9      | Noticed a two-headed ogre
 10255 | D:9      | Killed a two-headed ogre
 10271 | D:9      | Noticed Maurice
 10292 | D:9      | Killed Maurice
 10406 | D:9      | Reached skill level 21 in Axes
 10804 | D:10     | Entered Level 10 of the Dungeon
 10835 | D:10     | Found a staircase to the Orcish Mines.
 11149 | D:10     | Reached skill level 22 in Axes
 11524 | D:10     | Received a gift from Trog
 11597 | D:10     | Found an ornate altar of the Wu Jian Council.
 11609 | D:10     | Identified the +5 battleaxe of the Grave {drain, rElec
                  | rPois rF- Will++}
 11765 | D:10     | Found a blossoming altar of Fedhas.
 11779 | D:10     | Noticed an oklob plant
 12056 | D:10     | Lost intelligence.
 12145 | D:11     | Noticed a two-headed ogre
 12151 | D:11     | Killed a two-headed ogre
 12152 | D:11     | Reached XP level 12. HP: 78/90 MP: 9/11
 12680 | D:11     | Reached skill level 23 in Axes
 12826 | D:11     | Noticed a two-headed ogre
 12831 | D:11     | Killed a two-headed ogre
 13058 | D:11     | Found Wisogete's Fire Supplies.
 13424 | D:12     | Noticed a two-headed ogre
 13431 | D:12     | Killed a two-headed ogre
 13454 | D:12     | Noticed a two-headed ogre
 13461 | D:12     | Killed a two-headed ogre
 13674 | D:12     | Reached skill level 24 in Axes
 13727 | D:12     | Received a gift from Trog
 13727 | D:12     | Noticed a boulder beetle
 13764 | D:12     | Killed a boulder beetle
 13968 | D:12     | Noticed a boulder beetle
 13985 | D:12     | Annihilated by a boulder beetle

Illustrated notes

Levels and vault maps discovered:
D:1:      amcnicky_arrival_underground_garden, layout_basic,
          ebering_ecumenical_altar_sacrificial, nicolae_shop_vocational
D:2:      layout_loops_ring, minmay_misc_feat_doors, grunt_ministairs_2,
          chequers_serial_rivers_micro_b
D:3:      layout_loops_cross, amcnicky_altar_gilded,
          mainiacjoe_overflow_tiny_flanked, ebering_ghost_reflecting_pool,
          cheibrodos_sewer_entry_bend, minmay_misc_feat_rows,
          minmay_divided_ellipse, uniq_terence
D:4:      layout_cave_pods, nicolae_qazlal_style_of_elements,
          jmf_multi_god_temple, ebering_ghost_gozag,
          eino_small_chamber_without_monster, uniq_pikel, uniq_edmund,
          uniq_sigmund, uniq_eustachio
D:5:      layout_basic, grunt_dithmenos_smoke, kennysheep_generic_room_13,
          uniq_menkaure
D:6:      cheibrodos_fzero, layout_cave_pools,
          mainiacjoe_overflow_concentric_impassable
D:7:      layout_rooms, mainiacjoe_overflow_boulevard,
          minmay_temple_entry_poolview
D:8:      layout_loops_ring, dpeg_oklobed_lair, nicolae_ossuary_entry_giza,
          minmay_misc_feat_enclosed, uniq_erica, uniq_amaemon, uniq_maggie
D:9:      minmay_chambers_of_sevens, layout_basic, uniq_maurice
D:10:     layout_irregular_city, nicolae_wu_jian_glorious_leap, tgw_fedhas,
          david_orc_2, hangedman_abyss_or_decor_clamps,
          chequers_serial_rivers_micro_a, kennysheep_generic_room_2
D:11:     layout_basic, nicolae_shop_fire_sale [nicolae_sub_dead_trees]
D:12:     layout_basic, serial_shops, nicolae_shop_trees, minivault_25_ag,
          nzn_life_drinkers

Skill      XL: |  1  2  3  4  5  6  7  8  9 10 11 12 |
---------------+-------------------------------------+-----
Axes           | 4 5 6 7 8 11 14 17 19 22 24 | 24.4
Fighting       | |  3.6
Armour         | |  2.4
Dodging        | |  2.1

Action                   |  1- 3 |  4- 6 |  7- 9 | 10-12 || total
-------------------------+-------+-------+-------+-------++-------
Melee: Hand axe          |    89 |    11 |       |       ||   100
       Headbutt          |     6 |    16 |    28 |    79 ||   129
       War axe           |       |   108 |   197 |    70 ||   375
       Punch             |       |     2 |     2 |     1 ||     5
       Battleaxe         |       |       |       |   316 ||   316
       Unarmed           |       |       |       |     4 ||     4
       Executioner's axe |       |       |       |    10 ||    10
Throw: Boomerang         |       |       |     7 |       ||     7
Invok: Berserk           |       |     4 |     5 |     4 ||    13
  Use: Scroll            |       |       |    20 |     7 ||    27
       Potion            |       |       |       |     3 ||     3
Armor: Animal skin       |    11 |       |       |       ||    11
       Ring mail         |     6 |    50 |     7 |       ||    63
       Chain mail        |       |       |    67 |    16 ||    83
       Plate armour      |       |       |       |   344 ||   344
Dodge: Dodged            |    57 |    76 |    78 |   207 ||   418
